 Dungeon Crawl Stone Soup version 0.21.1-1-g345015f (webtiles) character file.

305 Kurtz the Insei (level 6, 0/47 HPs)
             Began as a Mummy Monk on May 27, 2018.
             Slain by a crimson imp (4 damage)
             ... on level 6 of the Dungeon.
             The game lasted 00:04:07 (5068 turns).

Kurtz the Insei (Mummy Monk)                        Turns: 5068, Time: 00:04:07

Health: 0/47       AC:  0    Str: 14    XL:     6   Next: 16%
Magic:  6/6        EV: 13    Int:  9    God:
Gold:   112        SH:  0    Dex: 17    Spells: 5/5 levels left

rFire    x . .     SeeInvis .     - Unarmed
rCold    + . .     Gourm    .   (no shield)
rNeg     + + +     Faith    .   (no armour)
rPois    ∞         Spirit   .   (no helmet)
rElec    .         Reflect  .   (no cloak)
rCorr    .         Harm     .   (no gloves)
MR       .....                  (no boots)
Stlth    ++........             (no amulet)
HPRegen  0.15/turn              (no ring)
MPRegen  0.10/turn              (no ring)

@: no status effects
A: no food or potions, fire vulnerability, cold resistance 1, negative energy
resistance 3, torment resistance, unbreathing
a: no special abilities


You were on level 6 of the Dungeon.
You were not hungry.

You visited 1 branch of the dungeon, and saw 6 of its levels.

You collected 112 gold pieces.

Inventory:

Armour
 a - a +0 robe
Wands
 h - a wand of disintegration (12)
Scrolls
 b - 3 scrolls of teleportation {unknown}
 c - 2 scrolls of random uselessness {unknown}
 d - a scroll of noise {unknown}
 e - 4 scrolls of remove curse {unknown}
 f - 2 scrolls of enchant armour {unknown}
 g - 3 scrolls of fog {unknown}
 i - a scroll of enchant weapon {unknown}


   Skills:
 - Level 3.0 Fighting
 - Level 2.4 Dodging
 - Level 2.8 Stealth
 * Level 5.3 Unarmed Combat


You had 5 spell levels left.
You didn't know any spells.

Dungeon Overview and Level Annotations

Branches:
Dungeon (6/15)
 Temple: D:4-7

Altars:
Gozag

Shops:
D:4 :(

Annotations:
D:3 antares's ghost, amateur OpCj


Innate Abilities, Weirdness & Mutations

You do not eat or drink.
Your flesh is vulnerable to fire.
You are immune to poison.
Your flesh is cold resistant. (rC+)
You are immune to negative energy. (rN+++)
You are immune to unholy pain and torment.
You can survive without breathing.


Message History

There is a stone staircase leading down here.
Enter note: The jackal closely misses you.
You climb downwards.
A worker ant comes into view.
Found a jade ring.
There is a stone staircase leading up here.
The worker ant twitches its antennae in your direction.
The jackal bites you.
* * * LOW HITPOINT WARNING * * *
Found an escape hatch in the floor.
Found a ration.
A crimson imp comes into view.
The jackal completely misses you. The jackal bites you.
* * * LOW HITPOINT WARNING * * *
Found 15 stones.
The crimson imp shouts!
The crimson imp hits you.
You die...

#. !# #### ).
...#### # #.
.%....## #(. #.
#.....>
#...##.####..##.#
#.....5.......#.##
#.@ha.......#
######...#..##.
##.###...#.....
#............#
###.###......##
.......<.####.#
#######.## . #.=
####


You could see a worker ant, a crimson imp and a jackal.

Vanquished Creatures
  2 crimson imps
  A hound (D:4)
  2 orc wizards (D:5)
  2 worker ants
  A hound zombie (D:5)
  A gnoll (D:1)
  An adder (D:5)
  A worm (D:2)
  A dart slug (D:1)
  A leopard gecko (D:2)
  8 orcs
  6 giant cockroaches
  9 goblins
  5 hobgoblins
  A jackal (D:1)
  A quokka (D:3)
  6 bats
  3 frilled lizards
  4 kobolds (D:1)
  5 rats
61 creatures vanquished.

Vanquished Creatures (others)
  4 fungi (D:5)
  9 toadstools (D:5)
13 creatures vanquished.

Grand Total: 74 creatures vanquished

Notes
Turn   | Place    | Note
-------+----------+-------------------------------------------
     0 | D:1      | Kurtz the Mummy Monk began the quest for the Orb.
     0 | D:1      | Reached XP level 1. HP: 18/18 MP: 1/1
    86 | D:1      | You fall through a shaft!
   378 | D:2      | Found an opulent altar of Gozag.
   798 | D:1      | Reached XP level 2. HP: 19/24 MP: 2/2
   869 | D:1      | Reached skill level 3 in Unarmed Combat
  1677 | D:1      | Reached XP level 3. HP: 29/29 MP: 3/3
  2805 | D:3      | Noticed antares's ghost (amateur OpCj)
  3015 | D:4      | Reached XP level 4. HP: 26/35 MP: 4/4
  3210 | D:4      | Reached skill level 4 in Unarmed Combat
  3265 | D:5      | Entered Level 5 of the Dungeon
  3275 | D:4      | HP: 1/35 [worker ant (7)]
  3701 | D:5      | Reached XP level 5. HP: 5/41 MP: 5/5
  3702 | D:5      | HP: 2/41 [orc (3)]
  4570 | D:5      | Reached skill level 5 in Unarmed Combat
  4661 | D:4      | Reached XP level 6. HP: 37/47 MP: 6/6
  4984 | D:4      | Found Ydirhah's Book Shoppe.
  4984 | D:4      | Found Iluadaw's Weapon Shop.
  5068 | D:6      | Slain by a crimson imp

Skill      XL: |  1  2  3  4  5 |
---------------+----------------+-----
Unarmed Combat | 3 4 5 |  5.3
Stealth        | 2 |  2.8
Fighting       | |  3.0
Dodging        | |  2.4

Action                   |  1- 3 |  4- 6 || total
-------------------------+-------+-------++-------
Melee: Unarmed           |   179 |   125 ||   304
       Punch             |     6 |     3 ||     9
 Stab: Sleeping          |     6 |     1 ||     7
       Distracted        |       |     1 ||     1
Dodge: Dodged            |    95 |    67 ||   162
